[Event "Early Titled Tuesday Blitz | February 8 2022"]
[White "Le, Tuan Minh"]
[Black "Perez Gormaz, Matias"]
[WhiteFideId "12401153"]
[BlackFideId "3406342"]
[WhiteElo "2450"]
[BlackElo "2352"]
[Result "0-1"]
[Round "02"]
[TimeControl "180+1"]
[Date "2022.02.08"]
[WhiteClock "0:00:11"]
[BlackClock "0:00:06"]

1. d4 d5 2. Nf3 e6 3. Bf4 Nf6 4. e3 c5 5. c3 Nc6 6. Nbd2 cxd4 7. exd4 Nh5 8. Be5 f6 9. Bg3 g6 10. Be2 Bg7 11. O-O O-O 12. Nb3 Nxg3 13. hxg3 e5 14. c4 e4 15. Nfd2 f5 16. cxd5 Ne7 17. Nc4 Nxd5 18. Ne5 Nb6 19. Rc1 Be6 20. Nc5 Bd5 21. a4 a5 22. Bb5 Rc8 23. Qd2 Ra8 24. Rfd1 Qd6 25. Qf4 Rfd8 26. g4 Rf8 27. gxf5 gxf5 28. Qe3 Kh8 29. Qh3 Rf6 30. Qg3 f4 31. Qg4 e3 32. Bd7 exf2+ 33. Kxf2 Raf8 34. Rh1 Bg8 35. Rcd1 Nd5 36. Ne4 Qb4 37. Nxf6 Rxf6 38. Qe2 Ne3 39. Rd2 Rd6 40. Bg4 Bxe5 41. Rhd1 Rxd4 42. Rxd4 Bxd4 43. Rxd4 Qxd4 44. Ke1 Nxg4 45. Qxg4 Qe3+ 46. Kf1 Bc4+ 0-1


[Site "https://www.chess.com"]

[Event "Early Titled Tuesday Blitz | February 8 2022"]
[White "Lehtosaari, Mauri"]
[Black "Ashiev, Eduard"]
[WhiteFideId "501999"]
[BlackFideId "4130090"]
[WhiteElo "2470"]
[BlackElo "2004"]
[Result "0-1"]
[Round "02"]
[TimeControl "180+1"]
[Date "2022.02.08"]
[WhiteClock "0:00:09"]
[BlackClock "0:00:20"]

1. d4 d6 2. Nf3 Bg4 3. Nbd2 Nd7 4. h3 Bh5 5. c4 e5 6. Qb3 Rb8 7. dxe5 dxe5 8. Nxe5 Nc5 9. Qe3 Be7 10. g4 Bg6 11. Nxg6 hxg6 12. Bg2 Nf6 13. O-O Qd6 14. Nf3 Rd8 15. b4 Ne6 16. c5 Qa6 17. a4 c6 18. Bb2 O-O 19. Be5 Nd5 20. Qe4 Bf6 21. Rfe1 Rfe8 22. Bxf6 gxf6 23. Qb1 Nef4 24. Qb3 Nxg2 25. Kxg2 Nf4+ 26. Kh2 Rxe2 27. b5 Qa5 28. Rxe2 Nxe2 29. bxc6 bxc6 30. g5 Qxc5 31. Qe3 Qxe3 32. fxe3 fxg5 33. Nxg5 Rd2 34. Ne4 Rb2 35. Rd1 Nc3+ 36. Rd2 Rxd2+ 37. Nxd2 Nxa4 38. Kg3 Kf8 39. Kf4 Ke7 40. Ke5 f6+ 41. Kd4 Ke6 42. Kc4 Kd6 43. Ne4+ Ke5 44. Nd2 f5 45. Kb4 Nb6 46. Kc5 Nd5 47. Nc4+ Ke4 48. Kxc6 Nxe3 49. Nd6+ Kf3 50. Nc8 f4 51. Ne7 Kg3 52. Nxg6 f3 53. Ne5 f2 0-1


[Site "https://www.chess.com"]

[Event "Early Titled Tuesday Blitz | February 8 2022"]
[White "Lenderman, Aleksandr"]
[Black "Sargsyan, Anna M."]
[WhiteFideId "2021285"]
[BlackFideId "13308130"]
[WhiteElo "2651"]
[BlackElo "2271"]
[Result "1-0"]
[Round "02"]
[TimeControl "180+1"]
[Date "2022.02.08"]
[WhiteClock "0:01:03"]
[BlackClock "0:00:10"]

1. d4 d5 2. c4 c6 3. cxd5 cxd5 4. Bf4 Nc6 5. e3 Nf6 6. Bb5 Bd7 7. Nc3 e6 8. Nf3 Bb4 9. O-O O-O 10. Bd3 Rc8 11. Rc1 a6 12. a3 Be7 13. Na4 Nh5 14. Nc5 Nxf4 15. exf4 Nxd4 16. Bxh7+ Kxh7 17. Qxd4 Bb5 18. Rfe1 b6 19. Na4 Rc4 20. Rxc4 dxc4 21. Qe4+ Kg8 22. Nc3 Bc5 23. Ng5 Qd3 24. a4 Be8 25. Rd1 Qxe4 26. Ngxe4 Bb4 27. Rd4 f5 28. Ng5 Bxc3 29. bxc3 Bxa4 30. Rxc4 Bb5 31. Rc7 Re8 32. c4 Ba4 33. Ra7 a5 34. Rb7 e5 35. fxe5 g6 36. f4 Bb3 37. Rxb6 a4 38. Rxg6+ Kf8 39. Ra6 Rc8 40. Ra7 Rxc4 41. e6 Rxf4 42. Nh7+ 1-0


[Site "https://www.chess.com"]

[Event "Early Titled Tuesday Blitz | February 8 2022"]
[White "Ljukin, Sergei"]
[Black "De Abreu, Roberto N"]
[WhiteFideId "14102200"]
[BlackFideId "14307472"]
[WhiteElo "2312"]
[BlackElo "1996"]
[Result "0-1"]
[Round "02"]
[TimeControl "180+1"]
[Date "2022.02.08"]
[WhiteClock "0:00:10"]
[BlackClock "0:00:14"]

1. e4 e5 2. Nf3 Nc6 3. Bb5 a6 4. Ba4 Nf6 5. Qe2 Be7 6. c3 d6 7. O-O O-O 8. d4 exd4 9. cxd4 Bg4 10. Rd1 Re8 11. Nc3 b5 12. Bb3 h6 13. h3 Bh5 14. g4 Bg6 15. e5 Nd7 16. e6 fxe6 17. Bxe6+ Kh7 18. Bd5 Na5 19. Bxa8 Qxa8 20. d5 Bf6 21. Qf1 Nc4 22. g5 Bxc3 23. bxc3 Bh5 24. Rd3 Nde5 25. Nxe5 Nxe5 26. f4 Nxd3 27. Qxd3+ Bg6 28. f5 Bh5 29. Be3 Re5 30. g6+ Kh8 31. Bd4 Qxd5 32. Qf1 Re2 33. Re1 Qe4 34. Rxe2 Bxe2 35. Qf2 Kg8 36. Qh4 Qxh4 0-1


[Site "https://www.chess.com"]

[Event "Early Titled Tuesday Blitz | February 8 2022"]
[White "Loay, Sameer"]
[Black "Shton, Roman"]
[WhiteFideId "8104239"]
[BlackFideId "14137461"]
[WhiteElo "2040"]
[BlackElo "2038"]
[Result "1-0"]
[Round "02"]
[TimeControl "180+1"]
[Date "2022.02.08"]
[WhiteClock "0:01:13"]
[BlackClock "0:00:35"]

1. Nf3 d5 2. g3 Nf6 3. Bg2 Bg4 4. O-O Nbd7 5. d3 c6 6. Nbd2 e5 7. e4 dxe4 8. dxe4 Bc5 9. h3 Bh5 10. Qe2 O-O 11. g4 Bg6 12. Nh4 b5 13. Nf5 Qb6 14. c3 a5 15. Nb3 Rfe8 16. Nxc5 Qxc5 17. Be3 Qf8 18. Rfd1 Bxf5 19. exf5 Rac8 20. g5 Nd5 21. Bxd5 cxd5 22. Rxd5 Nc5 23. Qxb5 Ne4 24. Rxe5 Rxe5 25. Qxe5 Re8 26. Qf4 f6 27. g6 Ng5 28. Qc4+ Kh8 29. h4 Nf3+ 30. Kg2 Ne5 31. Qc5 Re7 32. Rd1 hxg6 33. fxg6 Qe8 34. h5 Ng4 35. Qd4 Qa8+ 36. Qd5 Qxd5+ 37. Rxd5 Rxe3 38. Rd8+ 1-0


[Site "https://www.chess.com"]

[Event "Early Titled Tuesday Blitz | February 8 2022"]
[White "Lopez Del Alamo, Antonio"]
[Black "Goltseva, Ekaterina"]
[WhiteFideId "2227339"]
[BlackFideId "24173770"]
[WhiteElo "2082"]
[BlackElo "2140"]
[Result "1-0"]
[Round "02"]
[TimeControl "180+1"]
[Date "2022.02.08"]
[WhiteClock "0:00:26"]
[BlackClock "0:00:10"]

1. e4 e5 2. Bc4 c6 3. Nf3 d6 4. O-O Be7 5. d4 Nd7 6. Re1 Nb6 7. Bb3 Qc7 8. a4 a5 9. dxe5 dxe5 10. Be3 Bf6 11. Nbd2 Ne7 12. Bxb6 Qxb6 13. Nc4 Qc7 14. Nd6+ Kf8 15. Nxf7 Rg8 16. N7g5 Rh8 17. Qe2 h6 18. Qc4 Ng6 19. Nf7 Rh7 20. Rad1 Nf4 21. N7xe5 Be6 22. Ng6+ Kf7 23. Nxf4 Bxc4 24. Bxc4+ Ke8 25. e5 Bg5 26. Ne6 Qe7 27. Nfd4 g6 28. f4 c5 29. Nb5 Bxf4 30. Nxf4 Qg5 31. Ne6 Qg4 32. Nd6+ Ke7 33. Nc7 Rd8 34. Nd5+ Kf8 35. Nf6 Qh4 36. Nxh7+ Kg7 37. Nf6 g5 38. Nf5+ Kg6 39. Nxh4+ gxh4 40. Rxd8 Kf5 41. e6 h3 42. e7 Kxf6 43. e8=Q hxg2 44. Rd6+ Kf5 45. Qe5+ Kg4 46. Rg6+ Kh3 47. Qg3# 1-0


[Site "https://www.chess.com"]

[Event "Early Titled Tuesday Blitz | February 8 2022"]
[White "Lopez Mulet, Inigo"]
[Black "Urazayev, Arystanbek"]
[WhiteFideId "22235620"]
[BlackFideId "13709810"]
[WhiteElo "2315"]
[BlackElo "2321"]
[Result "0-1"]
[Round "02"]
[TimeControl "180+1"]
[Date "2022.02.08"]
[WhiteClock "0:00:06"]
[BlackClock "0:00:37"]

1. c4 e6 2. g3 d5 3. d4 Nf6 4. Nf3 dxc4 5. Bg2 Bd7 6. Ne5 Bc6 7. Nxc6 Nxc6 8. e3 Qd7 9. O-O O-O-O 10. Qa4 Nd5 11. Qxc4 h5 12. Nc3 h4 13. Bd2 hxg3 14. hxg3 f5 15. a3 g5 16. b4 f4 17. Nxd5 exd5 18. Qd3 Bd6 19. exf4 gxf4 20. Rae1 fxg3 21. fxg3 Qg7 22. Bf4 Nxd4 23. Bxd6 Rxd6 24. Rf4 Nc6 25. b5 Nd8 26. Qf5+ Kb8 27. Rg4 Qc3 28. Qf2 Qxa3 29. Rg7 Qc3 30. Rge7 Rf6 31. Qe2 Qxg3 32. Rh7 Rxh7 33. Qe8 Qh2# 0-1


[Site "https://www.chess.com"]

[Event "Early Titled Tuesday Blitz | February 8 2022"]
[White "Lorparizangeneh, Shahin"]
[Black "Yirik, Volkan"]
[WhiteFideId "12521604"]
[BlackFideId "6300782"]
[WhiteElo "2525"]
[BlackElo "2336"]
[Result "0-1"]
[Round "02"]
[TimeControl "180+1"]
[Date "2022.02.08"]
[WhiteClock "0:00:06"]
[BlackClock "0:00:21"]

1. e4 g6 2. d4 Bg7 3. Nf3 c5 4. dxc5 Nc6 5. c3 Nf6 6. Bd3 O-O 7. O-O b6 8. cxb6 Qxb6 9. Na3 d5 10. exd5 Nxd5 11. Bxg6 hxg6 12. Qxd5 Be6 13. Qe4 Rfd8 14. Qh4 f6 15. Nc2 Bd5 16. Qg3 Kf7 17. Re1 e5 18. Nh4 Ne7 19. b3 g5 20. Nf3 Nf5 21. Qg4 Be6 22. Qh5+ Kg8 23. Bxg5 Bf7 24. Qg4 fxg5 25. Nxe5 Nh6 26. Qxg5 Qf6 27. Qxf6 Bxf6 28. Nd4 Bd5 29. Re3 Re8 30. Rae1 Kh7 31. h3 Bg7 32. f4 Re7 33. g4 Rf8 34. Nd3 Rc7 35. Nb5 Rb7 36. c4 Bc6 37. Re7 Rf7 38. Rxb7 Rxb7 39. Nd6 Rd7 40. c5 Bb5 41. Ne5 Rc7 42. Nxb5 Rxc5 43. Nxa7 Ra5 44. Nac6 Rxa2 45. b4 Rb2 46. Rd1 Bf8 47. Rd7+ Kh8 48. Rd8 Kg7 49. Rd7+ Kg8 50. Rb7 Bd6 51. Ng6 Nf7 52. b5 Bc5+ 53. Kf1 Nd6 54. Rb8+ Kg7 55. f5 Nxb5 56. Rb7+ Kf6 57. Nce5 Rb1+ 58. Kg2 Rb2+ 59. Kf3 Nd4+ 60. Kf4 Rxb7 61. g5+ Kg7 62. f6+ Kg8 63. f7+ Kg7 64. h4 Bd6 65. Ke4 Ne6 66. Kf5 Nf8 67. Nxf8 Kxf8 68. g6 Rb5 69. Kf6 Bxe5+ 0-1


[Site "https://www.chess.com"]

[Event "Early Titled Tuesday Blitz | February 8 2022"]
[White "Lucas, Arthur"]
[Black "Hartikainen, Jarmo"]
[WhiteFideId "26093073"]
[BlackFideId "503134"]
[WhiteElo "2129"]
[BlackElo "2109"]
[Result "1-0"]
[Round "02"]
[TimeControl "180+1"]
[Date "2022.02.08"]
[WhiteClock "0:00:57"]
[BlackClock "0:00:06"]

1. d4 Nf6 2. c4 g6 3. Nf3 d5 4. g3 Bg7 5. Bg2 O-O 6. cxd5 Nxd5 7. O-O Nb6 8. Nc3 Nc6 9. e3 Bg4 10. h3 Be6 11. b3 a5 12. a3 a4 13. b4 Bc4 14. Re1 e6 15. Bb2 Rb8 16. Rc1 Na7 17. Nd2 Bb5 18. Nxb5 Nxb5 19. Nc4 Nxc4 20. Rxc4 Nd6 21. Rc5 Qd7 22. Qc2 Rfc8 23. Rc1 c6 24. Qxa4 b5 25. Qc2 Nc4 26. Rxc4 bxc4 27. Qxc4 Rb6 28. Qb3 Bf8 29. Rc4 Qb7 30. Qc2 Rb8 31. Bc3 Qd7 32. Bd2 Be7 33. Kh2 h5 34. h4 Kh7 35. Bf3 R8b7 36. Bxh5 Kg7 37. Bf3 Rb8 38. Kg2 Rh8 39. Bc3 f6 40. e4 Rhb8 41. Bd2 Kf7 42. Bf4 R8b7 43. Be3 Bd6 44. d5 cxd5 45. exd5 exd5 46. Bxd5+ 1-0


[Site "https://www.chess.com"]

[Event "Early Titled Tuesday Blitz | February 8 2022"]
[White "Maksimenko, Viktor"]
[Black "Erigaisi Arjun"]
[WhiteFideId "13710478"]
[BlackFideId "35009192"]
[WhiteElo "2269"]
[BlackElo "2745"]
[Result "0-1"]
[Round "02"]
[TimeControl "180+1"]
[Date "2022.02.08"]
[WhiteClock "0:00:04"]
[BlackClock "0:00:49"]

1. e4 e6 2. d4 d5 3. Nd2 Nf6 4. e5 Ne4 5. Bd3 Nxd2 6. Bxd2 c5 7. c3 Nc6 8. Nf3 Qb6 9. O-O c4 10. Bc2 Qxb2 11. a4 Qb6 12. Ng5 Be7 13. Nxh7 Bd7 14. Ng5 Rf8 15. Rb1 Qc7 16. Nh7 Rh8 17. Ng5 f5 18. Bf4 Nd8 19. g4 g6 20. gxf5 gxf5 21. Kh1 Qa5 22. Qf3 Bc6 23. Rg1 Kd7 24. Rb5 Bxb5 25. axb5 Qxb5 26. Rb1 Qc6 27. Qd1 a6 28. Qf3 b5 29. Rg1 a5 30. Ra1 a4 31. Ra2 a3 32. Kg2 Rg8 33. h4 Nf7 34. Bxf5 exf5 35. e6+ Qxe6 36. Kh3 0-1


[Site "https://www.chess.com"]

[Event "Early Titled Tuesday Blitz | February 8 2022"]
[White "Maltsevskaya, Aleksandra"]
[Black "Izoria, Zviad"]
[WhiteFideId "24174041"]
[BlackFideId "13601733"]
[WhiteElo "2283"]
[BlackElo "2626"]
[Result "0-1"]
[Round "02"]
[TimeControl "180+1"]
[Date "2022.02.08"]
[WhiteClock "0:00:14"]
[BlackClock "0:00:09"]

1. e4 c5 2. Nf3 a6 3. c3 e6 4. d4 d5 5. exd5 exd5 6. Bd3 c4 7. Be2 Bd6 8. O-O Ne7 9. b3 cxb3 10. axb3 Nbc6 11. h3 O-O 12. c4 Be6 13. Nc3 Rc8 14. Be3 h6 15. Qd2 Bb4 16. Rfc1 Nf5 17. Bd3 Qd7 18. c5 Rfe8 19. Bc2 Nfe7 20. Rf1 Bxh3 21. gxh3 Qxh3 22. Nh2 Nf5 23. Qd3 g6 24. Nxd5 Nh4 25. Nf4 Nf3+ 26. Nxf3 Qxf3 27. Qe2 Qxf4 28. Bxf4 Rxe2 29. Bd3 Nxd4 30. Be3 Nf3+ 31. Kg2 Rxe3 32. fxe3 Ne5 33. Bc4 Rxc5 34. Rac1 Nxc4 35. Rxc4 Rxc4 36. bxc4 a5 37. Kf3 Bc5 38. Rb1 b6 39. Ke4 Kf8 40. Rd1 Ke7 41. Kd5 a4 42. e4 a3 43. e5 h5 44. Rf1 h4 45. Re1 h3 46. e6 h2 0-1


[Site "https://www.chess.com"]

[Event "Early Titled Tuesday Blitz | February 8 2022"]
[White "Mamontova, Anastasia"]
[Black "Krzywda, Andrzej"]
[WhiteFideId "34100234"]
[BlackFideId "1114565"]
[WhiteElo "1933"]
[BlackElo "2098"]
[Result "1/2-1/2"]
[Round "02"]
[TimeControl "180+1"]
[Date "2022.02.08"]
[WhiteClock "0:01:01"]
[BlackClock "0:00:32"]

1. d4 d5 2. c4 e6 3. Nc3 Nf6 4. cxd5 exd5 5. Bg5 c6 6. Nf3 Be7 7. e3 Nbd7 8. Bd3 Nh5 9. Bxe7 Qxe7 10. O-O O-O 11. e4 dxe4 12. Nxe4 Nhf6 13. Neg5 h6 14. Nh3 Qd6 15. Re1 Nb6 16. Ne5 Bxh3 17. gxh3 Rad8 18. Nf3 Rfe8 19. Qb3 Qf4 20. Ne5 Nfd5 21. Re4 Qf6 22. Rae1 Nf4 23. Bb1 Ne6 24. Qd3 g6 25. Qe3 Qg5+ 26. Qxg5 Nxg5 27. R4e3 Ne6 28. Nxg6 fxg6 29. Rxe6 Rxe6 30. Rxe6 Rxd4 31. Rxg6+ Kf7 32. Kg2 Rd1 33. Be4 Rd4 34. Rg4 Rd2 35. b3 Rxa2 36. Rf4+ Kg7 37. Rg4+ Kf7 38. Rf4+ Kg7 39. Rg4+ Kf7 1/2-1/2


[Site "https://www.chess.com"]

[Event "Early Titled Tuesday Blitz | February 8 2022"]
[White "Manelyuk, Daniil"]
[Black "Vovk, Orest"]
[WhiteFideId "44173920"]
[BlackFideId "14113490"]
[WhiteElo "2222"]
[BlackElo "2203"]
[Result "1-0"]
[Round "02"]
[TimeControl "180+1"]
[Date "2022.02.08"]
[WhiteClock "0:01:18"]
[BlackClock "0:00:07"]

1. e4 g5 2. d4 h6 3. Nc3 Bg7 4. Be3 c5 5. h4 gxh4 6. Nf3 cxd4 7. Bxd4 Bxd4 8. Qxd4 Nf6 9. e5 Nc6 10. Qxh4 Ng8 11. O-O-O Qa5 12. Bc4 Qc5 13. Rd5 Qb6 14. Qh5 e6 15. Rd2 Qc5 16. Ne4 Qe7 17. Nd6+ Kf8 18. Bd3 b6 19. Rh4 a5 20. Rf4 f5 21. Bxf5 exf5 22. Rxf5+ Nf6 23. Rxf6+ Kg8 24. Qg6+ Qg7 25. Rf8+ Kxf8 26. Qe8# 1-0


[Site "https://www.chess.com"]

[Event "Early Titled Tuesday Blitz | February 8 2022"]
[White "Marcziter, Dmitrii"]
[Black "Bogdanov, Egor"]
[WhiteFideId "13900765"]
[BlackFideId "14119137"]
[WhiteElo "2155"]
[BlackElo "2412"]
[Result "1/2-1/2"]
[Round "02"]
[TimeControl "180+1"]
[Date "2022.02.08"]
[WhiteClock "0:00:49"]
[BlackClock "0:02:05"]

1. d4 Nf6 2. c4 g6 3. Nf3 Bg7 4. g3 O-O 5. Bg2 d6 6. O-O Nc6 7. Nc3 Bf5 8. Ne1 Qd7 9. b3 Bh3 10. Bb2 Bxg2 11. Kxg2 e5 12. dxe5 Nxe5 13. Nd3 Nxd3 14. Qxd3 Rfe8 15. e3 Qc6+ 16. f3 Re6 17. e4 Nd7 18. Rf2 Nc5 19. Qd2 Qd7 20. Nd5 c6 21. Bxg7 Kxg7 22. Qd4+ f6 23. Nf4 Re7 24. Rd1 Rd8 25. Rfd2 Qc7 26. b4 Ne6 27. Nxe6+ Rxe6 28. Qxa7 Ree8 29. Qd4 Ra8 30. g4 h6 31. h4 Ra3 32. Qxd6 Qxd6 33. Rxd6 Rxa2+ 34. Kg3 Re7 35. b5 cxb5 36. cxb5 Rb2 37. Rb6 g5 38. hxg5 hxg5 39. Rdd6 Rf7 40. e5 fxe5 41. Rg6+ Kf8 42. Rxg5 Rb3 43. Rf5 Rxf5 44. gxf5 e4 45. Rxb7 Rxf3+ 46. Kg4 Rb3 47. Kf4 e3 48. Kf3 Ke8 49. f6 Kf8 50. f7 Kg7 51. Ke2 Kf8 52. b6 Kg7 53. Kd1 Rb2 54. Ke1 Kf8 55. Kf1 Kg7 56. Ke1 Kf8 57. Kf1 Kg7 58. Ke1 1/2-1/2


[Site "https://www.chess.com"]

[Event "Early Titled Tuesday Blitz | February 8 2022"]
[White "Martin Duque, Jesus"]
[Black "Terletsky, Oleg"]
[WhiteFideId "2208954"]
[BlackFideId "14116774"]
[WhiteElo "2243"]
[BlackElo "2050"]
[Result "1-0"]
[Round "02"]
[TimeControl "180+1"]
[Date "2022.02.08"]
[WhiteClock "0:01:58"]
[BlackClock "0:00:01"]

1. Nf3 Nf6 2. d4 g6 3. g3 Bg7 4. Bg2 O-O 5. O-O d6 6. b3 c5 7. c4 cxd4 8. Nxd4 d5 9. Bb2 e5 10. Nb5 d4 11. Ba3 Re8 12. Nd6 Nc6 13. Nxe8 Nxe8 14. b4 Be6 15. Nd2 Rc8 16. Qa4 a6 17. Rfd1 f5 18. b5 Na5 19. bxa6 bxa6 20. Rac1 Bd7 21. Qc2 e4 22. c5 Be6 23. Nb3 Nc4 24. Bb4 a5 25. Be1 a4 26. Nxd4 Bxd4 27. e3 Nxe3 28. fxe3 Bxe3+ 29. Kh1 Qe7 30. Rb1 Rxc5 31. Qxa4 Nf6 32. Bb4 Ng4 33. Rf1 1-0


[Site "https://www.chess.com"]

[Event "Early Titled Tuesday Blitz | February 8 2022"]
[White "Martinez Lopez, David"]
[Black "Bernadskiy, Vitaliy"]
[WhiteFideId "22235779"]
[BlackFideId "14100371"]
[WhiteElo "2394"]
[BlackElo "2473"]
[Result "0-1"]
[Round "02"]
[TimeControl "180+1"]
[Date "2022.02.08"]
[WhiteClock "0:00:01"]
[BlackClock "0:01:03"]

1. e4 e6 2. d4 d5 3. e5 Bd7 4. c4 dxc4 5. Bxc4 Bc6 6. Nf3 Nd7 7. O-O Nb6 8. Bb3 Ne7 9. Nc3 Nf5 10. Be3 Be7 11. Bc2 O-O 12. Be4 Bxe4 13. Nxe4 Nd5 14. Bd2 Qd7 15. Ng3 Nxg3 16. hxg3 Rfd8 17. Rc1 Rac8 18. Qe2 Qa4 19. a3 h6 20. g4 c5 21. dxc5 Qxg4 22. b4 b6 23. c6 Nc7 24. Bc3 Bg5 25. Rcd1 Nd5 26. Rxd5 Rxd5 27. b5 Qa4 28. Rb1 Qxa3 29. Nxg5 Qxc3 30. Nf3 Rcd8 31. g3 g5 32. Kg2 Qd3 33. Qxd3 Rxd3 34. Ra1 R3d5 35. Rxa7 Rxb5 36. Rb7 Rc8 37. c7 Rc5 38. Nd4 R8xc7 39. Rxb6 Rxe5 40. Rb8+ Kg7 41. Nb5 Rd7 42. Rb6 h5 43. Nd6 Rxd6 44. Rxd6 g4 45. Rd4 Rd5 46. Re4 Kg6 47. Rb4 f5 48. Rb7 e5 49. Rb6+ Kg5 50. Rb8 f4 51. Rg8+ Kh6 52. gxf4 exf4 53. Rf8 Kg5 54. Rg8+ Kh4 0-1


[Site "https://www.chess.com"]

[Event "Early Titled Tuesday Blitz | February 8 2022"]
[White "Martinovici, Ilia"]
[Black "Martirosyan, Haik M."]
[WhiteFideId "13907034"]
[BlackFideId "13306553"]
[WhiteElo "2303"]
[BlackElo "2735"]
[Result "1-0"]
[Round "02"]
[TimeControl "180+1"]
[Date "2022.02.08"]
[WhiteClock "0:00:21"]
[BlackClock "0:00:14"]

1. d4 Nf6 2. c4 e6 3. Nc3 Bb4 4. Qc2 Nc6 5. e3 d6 6. Ne2 O-O 7. a3 Bxc3+ 8. Nxc3 Re8 9. Be2 b6 10. O-O Bb7 11. b4 a5 12. b5 Ne7 13. Bb2 Ng6 14. f4 Qd7 15. Rad1 Rad8 16. c5 Qe7 17. c6 Bc8 18. e4 e5 19. fxe5 dxe5 20. d5 Nf4 21. Bf3 Rf8 22. a4 Ne8 23. Qb3 Nd6 24. Ba3 f5 25. exf5 Bxf5 26. Ne4 Bxe4 27. Bxe4 Ne2+ 28. Kh1 Rxf1+ 29. Rxf1 Qh4 30. Bb1 Nf4 31. g3 Qh3 32. Qf3 Nc4 33. gxf4 Qh4 34. fxe5 g6 35. Qf7+ Kh8 36. Be7 1-0


[Site "https://www.chess.com"]

[Event "Early Titled Tuesday Blitz | February 8 2022"]
[White "Matlakov, Maxim"]
[Black "Maevsky, Nikolay"]
[WhiteFideId "4168003"]
[BlackFideId "4198220"]
[WhiteElo "2661"]
[BlackElo "2104"]
[Result "0-1"]
[Round "02"]
[TimeControl "180+1"]
[Date "2022.02.08"]
[WhiteClock "0:00:02"]
[BlackClock "0:00:07"]

1. Nf3 Nf6 2. g3 b5 3. Na3 a6 4. c4 Bb7 5. cxb5 e5 6. bxa6 Nxa6 7. Bg2 e4 8. Nd4 c5 9. Ndb5 d5 10. O-O Be7 11. d3 exd3 12. exd3 O-O 13. Re1 Bc6 14. Nc3 Qd7 15. b3 Nb4 16. Nc2 d4 17. Bxc6 Nxc6 18. Ne4 Nd5 19. Qh5 f5 20. Ng5 h6 21. Ne6 Rf6 22. Nf4 Nc3 23. Bd2 Rxa2 24. Rxa2 Nxa2 25. Na3 Nab4 26. Nc4 Kh7 27. Bxb4 cxb4 28. Qf3 Rf7 29. h4 Bc5 30. Ne6 Be7 31. Qh5 g6 32. Qf3 h5 33. Qf4 Bf6 34. Ng5+ Bxg5 35. hxg5 Re7 36. Ra1 Kg7 37. Kh2 Qd5 38. Nd2 Ne5 39. Kg1 Nxd3 40. Qb8 Qe5 41. Qb6 Re6 42. Qb7+ Re7 43. Qc6 Qe6 44. Qxe6 Rxe6 45. Nf3 Rd6 46. Ra7+ Kf8 47. Kf1 Nc5 48. Ne5 d3 49. Ke1 d2+ 50. Kd1 Ne4 0-1


[Site "https://www.chess.com"]

[Event "Early Titled Tuesday Blitz | February 8 2022"]
[White "Maurizzi, Marc`Andria"]
[Black "Jones, Gawain C B"]
[WhiteFideId "36083534"]
[BlackFideId "409561"]
[WhiteElo "2186"]
[BlackElo "2657"]
[Result "0-1"]
[Round "02"]
[TimeControl "180+1"]
[Date "2022.02.08"]
[WhiteClock "0:00:21"]
[BlackClock "0:00:39"]

1. d4 Nf6 2. c4 c5 3. d5 b5 4. cxb5 a6 5. b6 g6 6. Nc3 Bg7 7. e4 d6 8. Nf3 O-O 9. Be2 Nbd7 10. a4 Qxb6 11. Nd2 Qb4 12. O-O Ne5 13. Ra3 Bg4 14. f3 Bd7 15. Kh1 c4 16. Qc2 Rfc8 17. f4 Nd3 18. Bxd3 cxd3 19. Qxd3 Qc5 20. Rb3 Ng4 21. Qe2 Ne3 22. Rf3 Nc2 23. e5 Nd4 24. Qd1 Bg4 25. Rb7 dxe5 26. Nde4 Qc4 27. Rxe7 Bxf3 28. gxf3 Nf5 29. Rxe5 Re8 30. Rxe8+ Rxe8 31. d6 Rd8 32. Nd5 Nxd6 33. Nxd6 Rxd6 34. Ne7+ Kf8 35. Qxd6 Qf1# 0-1


[Site "https://www.chess.com"]

[Event "Early Titled Tuesday Blitz | February 8 2022"]
[White "Mayaud, Raphael"]
[Black "Odegov, Artem"]
[WhiteFideId "627151"]
[BlackFideId "34183644"]
[WhiteElo "2191"]
[BlackElo "2277"]
[Result "0-1"]
[Round "02"]
[TimeControl "180+1"]
[Date "2022.02.08"]
[WhiteClock "0:00:13"]
[BlackClock "0:01:13"]

1. d4 Nf6 2. Bg5 Ne4 3. Bf4 d5 4. e3 g6 5. Bd3 Bg7 6. Bxe4 dxe4 7. Nc3 f5 8. Qe2 O-O 9. Qc4+ Kh8 10. Qxc7 Qe8 11. Be5 Nd7 12. Bxg7+ Kxg7 13. O-O-O Nf6 14. h4 Be6 15. Nge2 Rc8 16. Qe5 Bf7 17. h5 b5 18. g4 fxg4 19. Kb1 b4 20. Nxe4 Bxa2+ 21. Kxa2 Qa4+ 22. Kb1 Qxc2+ 23. Ka1 Qxe4 24. Ng3 Qb7 25. hxg6 hxg6 26. Kb1 b3 27. d5 Qa6 28. Qxe7+ Rf7 29. Qxf7+ Kxf7 0-1


[Site "https://www.chess.com"]

[Event "Early Titled Tuesday Blitz | February 8 2022"]
[White "Mekhitarian, Krikor Sevag"]
[Black "Bodnaruk, Anastasia"]
[WhiteFideId "2107660"]
[BlackFideId "4181751"]
[WhiteElo "2598"]
[BlackElo "2393"]
[Result "1-0"]
[Round "02"]
[TimeControl "180+1"]
[Date "2022.02.08"]
[WhiteClock "0:00:08"]
[BlackClock "0:00:02"]

1. e4 c5 2. Nf3 d6 3. d4 cxd4 4. Nxd4 Nf6 5. Nc3 a6 6. a3 e5 7. Nf5 d5 8. Bg5 d4 9. Bxf6 gxf6 10. Na2 Nc6 11. Bd3 Bxf5 12. exf5 Qd5 13. Qg4 Bh6 14. Qe4 Qd7 15. O-O Rg8 16. g3 O-O-O 17. Nb4 Ne7 18. Na2 Kb8 19. Rfd1 Rg5 20. h4 Rxf5 21. Qe2 Rg8 22. Bxf5 Nxf5 23. Rd3 Nxh4 24. Kh2 Nf5 25. Nc3 Nd6 26. Ne4 Nxe4 27. Qxe4 Rg4 28. Qf3 Bg7 29. Re1 f5 30. Qd1 e4 31. Rd2 Qd6 32. Kg2 h5 33. Rh1 Qg6 34. Rxd4 Bxd4 35. Qxd4 f4 36. Rh3 f3+ 37. Kh2 h4 38. Qd8+ Ka7 39. Rxh4 Rxh4+ 40. Qxh4 Qc6 41. c3 Qc5 42. g4 Qd5 43. Qf6 Qd2 44. Kg3 Qd1 45. Qd4+ Qxd4 46. cxd4 Kb6 47. Kf4 Kb5 48. Kxe4 Kc4 49. g5 a5 50. a4 b5 51. axb5 Kxb5 52. Kxf3 Kb4 53. d5 Kb3 54. d6 Kxb2 55. d7 1-0


[Site "https://www.chess.com"]

[Event "Early Titled Tuesday Blitz | February 8 2022"]
[White "Mhango, Banele"]
[Black "Horvath, Dominik"]
[WhiteFideId "14327040"]
[BlackFideId "1642561"]
[WhiteElo "2556"]
[BlackElo "2336"]
[Result "1-0"]
[Round "02"]
[TimeControl "180+1"]
[Date "2022.02.08"]
[WhiteClock "0:02:33"]
[BlackClock "0:01:08"]

1. Nf3 d5 2. g3 g6 3. Bg2 Bg7 4. d4 Nd7 5. O-O Ngf6 6. c4 dxc4 7. Qa4 O-O 8. Qxc4 Nb6 9. Qb3 Be6 10. Qc2 Bf5 11. Qb3 c6 12. Nc3 Ne4 13. Rd1 Nxc3 14. bxc3 Be6 15. Qc2 Qc8 16. a4 a5 17. Ba3 Re8 18. Ng5 Bh3 19. Bxh3 1-0


[Site "https://www.chess.com"]

[Event "Early Titled Tuesday Blitz | February 8 2022"]
[White "Mirzoev, Azer"]
[Black "Dushyant Sharma"]
[WhiteFideId "13400304"]
[BlackFideId "25065130"]
[WhiteElo "2525"]
[BlackElo "2012"]
[Result "1/2-1/2"]
[Round "02"]
[TimeControl "180+1"]
[Date "2022.02.08"]
[WhiteClock "0:00:23"]
[BlackClock "0:00:09"]

1. c4 e6 2. Nc3 d5 3. e3 f5 4. Nf3 Nf6 5. b3 Bd6 6. Bb2 O-O 7. Nb5 Be7 8. Be2 c6 9. Nbd4 c5 10. Nb5 a6 11. Na3 Nc6 12. O-O d4 13. exd4 cxd4 14. d3 e5 15. Nc2 a5 16. Re1 Bd6 17. Bf1 Qc7 18. h3 Bd7 19. a3 Rae8 20. Qd2 Qb6 21. Rab1 Qa7 22. b4 a4 23. b5 Na5 24. Qd1 Nb3 25. Nd2 Nxd2 26. Qxd2 Bc5 27. Rbd1 Bc8 28. Nb4 Qb6 29. Qc2 Qd6 30. Qxa4 b6 31. Nc6 Bb7 32. g3 Ra8 33. Qc2 Rfe8 34. Bg2 Bxa3 35. Bxa3 Rxa3 36. Qd2 Bxc6 37. bxc6 h6 38. Qb2 Qc5 39. Qb5 Ra5 40. Qxc5 bxc5 41. Rb1 e4 42. Rb5 Ra6 43. Rxc5 exd3 44. Rxe8+ Nxe8 45. c7 Nxc7 46. Rxc7 d2 47. Bd5+ Kh7 48. Bf3 Ra1+ 49. Kg2 d1=Q 50. Bxd1 Rxd1 51. Rd7 d3 52. Rd4 Rc1 53. Kf3 d2 54. Ke2 d1=Q+ 55. Rxd1 Rxc4 56. h4 h5 57. Kf3 g6 58. Rd7+ Kh6 59. Rd8 Rc3+ 60. Kf4 Rc4+ 61. Kf3 Re4 62. Rh8+ Kg7 63. Ra8 Kh6 64. Rh8+ Kg7 65. Ra8 Kh6 66. Rh8+ 1/2-1/2


[Site "https://www.chess.com"]